 Dungeon Crawl Stone Soup version 0.31-a0-700-gf13585253f (webtiles) character file.

Game seed: 230717170919814118

70 pokeman the Magician (level 4, -3/25 HPs)
             Began as a Deep Elf Hedge Wizard on Sept 8, 2023.
             Slain by Crazy Yiuf
             ... wielding a +2 quarterstaff of chaos
              (18 damage)
             ... on level 2 of the Dungeon.
             The game lasted 00:04:05 (2212 turns).

pokeman the Magician (Deep Elf Hedge Wizard)        Turns: 2212, Time: 00:04:06

Health: -3/25      AC: 12    Str:  7    XL:     4   Next: 3%
Magic:  9/13       EV: 20    Int: 21    God:
Gold:   125        SH:  5    Dex: 20    Spells: 6/14 levels left

rFire   . . .        a - melded +0 dagger
rCold   . . .        (shield currently unavailable)
rNeg    + + +        p - melded +0 robe "Kasymp" {rC- Dex+4 SInv}
rPois   +            u - melded +1 helmet
rElec   .            (cloak currently unavailable)
rCorr   .            j - melded +0 pair of gloves
SInv    .            (boots currently unavailable)
Will    .....        q - amulet of reflection
Stlth   ++           t - +6 ring of dexterity
HPRegen 0.24/turn    (no ring)
MPRegen 0.13/turn

%: reflection
@: fungus-form, very slightly contaminated
A: melee confuse, terrified, no casting, tiny
a: no special abilities


You were on level 2 of the Dungeon.
You were a sentient fungus.
You visited 1 branch of the dungeon, and saw 2 of its levels.

You collected 125 gold pieces.

Inventory:

Hand Weapons
 a - a +0 dagger (melded)
Armour
 f - a scarf of invisibility
 j - a +0 pair of gloves (melded)
 p - the +0 robe "Kasymp" (melded) {rC- Dex+4 SInv}
   (You found it on level 2 of the Dungeon)

   Dex+4:     It affects your dexterity (+4).
   rC-:       It makes you vulnerable to cold.
   SInv:      It lets you see invisible.
 u - a +1 helmet (melded)
Jewellery
 q - an amulet of reflection (around neck)
 t - a +6 ring of dexterity (left hypha)
Scrolls
 b - a scroll of blinking {unknown}
 c - a scroll of butterflies {unknown}
 e - a scroll of silence {unknown}
 h - a scroll of fear {unknown}
 i - a scroll of immolation {unknown}
 k - a scroll of teleportation {unknown}
 m - a scroll of enchant armour {unknown}
 o - a scroll of noise {unknown}
 r - 2 scrolls of acquirement {unknown}
 s - a scroll of amnesia {unknown}
Potions
 d - a potion of magic
 g - 2 potions of ambrosia {unknown}
 l - a potion of attraction {unknown}
 n - 2 potions of haste {unknown}


   Skills:
 - Level 1.1 Fighting
 - Level 1.0 Armour
 + Level 2.4 Dodging
 + Level 2.4 Stealth
 * Level 5.5 Spellcasting
 + Level 2.1 Conjurations
 - Level 1.1 Summonings
 - Level 1.1 Translocations


You had 6 spell levels left.
You knew the following spells:

 Your Spells              Type           Power      Damage    Failure   Level
a - Magic Dart            Conj           56%        1d5       4%          1
b - Mephitic Cloud        Conj/Pois/Air  8%         N/A       22%         3
c - Call Imp              Summ           20%        N/A       10%         2
d - Blink                 Tloc           20%        N/A       10%         2

Your spell library contained the following spells:

 Spells                   Type           Power      Damage    Failure   Level
 Slow                     Hex            20%        N/A       11%         1
 Cigotuvi's Dreadful Rot  Necr/Pois/Air  10%        N/A       16%         2
 Manifold Assault         Tloc           10%        N/A       54%         4


Dungeon Overview and Level Annotations

Branches:
Dungeon (2/15)

Altars:

Annotations:
D:2 Crazy Yiuf


Message History

Crazy Yiuf closely misses your cerulean imp.
Your cerulean imp hits Crazy Yiuf with a -3 spear.
Crazy Yiuf sings, "Trees, trees, trees, circus!"
Crazy Yiuf hits your cerulean imp with a +2 quarterstaff of chaos!
Crazy Yiuf burns your cerulean imp.
Your cerulean imp dies!
Your cerulean imp disappears in a puff of smoke!
Press: ? - help, v - describe, . - travel
Here: Crazy Yiuf, wielding a +2 quarterstaff of chaos, wearing a +0 cloak and carrying a wand of polymorph (lightly wounded)
An open translucent door.
Unknown command.
Casting: Call Imp (safe; 10% risk of failure)
Confirm with . or Enter, or press ? or * to list all spells.
Aiming: Mephitic Cloud (extremely dangerous; 22% risk of failure)
Press: ? - help, Shift-Dir - straight line, f - Crazy Yiuf
Aim: Crazy Yiuf, wielding a +2 quarterstaff of chaos, wearing a +0 cloak and carrying a wand of polymorph (lightly wounded, chance to affect: 86%)
You miscast Mephitic Cloud.
You are very lightly contaminated with residual magic.
Strange energies run through your body.
Crazy Yiuf yells, "Gnoll!"
Crazy Yiuf zaps a wand.
You turn into a sentient fungus.
Your +0 dagger melds into your body.
Your +1 helmet melds into your body.
Your +0 pair of gloves melds into your body.
The +0 robe "Kasymp" {rC- Dex+4 SInv} melds into your body.
You're too terrified to move while being watched!
You barely miss Crazy Yiuf.
Crazy Yiuf is lightly wounded.
Crazy Yiuf barely misses you.
You release spores at Crazy Yiuf but do no damage.
Crazy Yiuf is lightly wounded.
Crazy Yiuf completely misses you.
You barely miss Crazy Yiuf.
Crazy Yiuf is lightly wounded.
Crazy Yiuf completely misses you.
You release spores at Crazy Yiuf!
Crazy Yiuf is heavily wounded.
Crazy Yiuf hits you with a +2 quarterstaff of chaos!
You are electrocuted!!
Ouch! That really hurt!
You die...

.)#..# #.# #####
###..# #.# #..)#
##..## #.# #...#
....# #.# ... ...##
#.# #'# ..## ##.#
♣♣.♣ ### ###..# ♣.♣♣
######...## ♣♣g♣
#..#...### ♣f♣♣
##...### ♣♣.♣♣
#......####### ♣...♣♣
..####.......# ♣....♣
........###### #....#
.###......# ####....#
.....###..###.###...#
.##### #......# ##.##
..# #.....#####..##


You could see Crazy Yiuf.

Vanquished Creatures
  Robin (D:2)
  A worm (D:2)
  A dart slug (D:1)
  3 endoplasms
  A giant cockroach (D:2)
  9 goblins (D:2)
  6 hobgoblins
  6 kobolds
  4 quokkas (D:1)
  7 ball pythons
  4 bats
  A frilled lizard (D:1)
  5 rats
49 creatures vanquished.

Notes
Turn   | Place    | Note
-------+----------+-------------------------------------------
     0 | D:1      | pokeman the Deep Elf Hedge Wizard began the quest for the
                  | Orb.
     0 | D:1      | Reached XP level 1. HP: 10/10 MP: 7/7
   230 | D:1      | Reached XP level 2. HP: 15/15 MP: 2/9
   730 | D:1      | Reached skill level 5 in Spellcasting
  1027 | D:1      | Reached XP level 3. HP: 18/20 MP: 7/11
  1031 | D:1      | Learned a level 3 spell: Mephitic Cloud
  1034 | D:1      | Learned a level 2 spell: Call Imp
  1037 | D:1      | Learned a level 2 spell: Blink
  1235 | D:2      | Identified the +0 robe "Kasymp" {rC- Dex+4 SInv}
  1732 | D:2      | Found a runed translucent door.
  1733 | D:2      | Noticed Crazy Yiuf
  1814 | D:2      | Reached skill level 1 in Fighting
  1829 | D:2      | Found a faded altar of an unknown god.
  1968 | D:2      | Noticed Robin
  1971 | D:2      | Reached skill level 1 in Armour
  1980 | D:2      | Killed Robin
  1981 | D:2      | Reached XP level 4. HP: 25/25 MP: 2/13
  2212 | D:2      | Slain by Crazy Yiuf

Illustrated notes

Levels and vault maps discovered:
D:1:      dpeg_arrival_short_road, layout_rooms, minmay_close_crescents
D:2:      layout_rooms, ebering_ecumenical_altar_petrified, serial_park_tiny_1,
          minmay_puff, uniq_crazy_yiuf_cottage, uniq_robin

Skill      XL: |  1  2  3 |
---------------+----------+-----
Spellcasting   | 5 |  5.5
Conjurations   | 2 |  2.1
Fighting       | 1 |  1.1
Armour         | 1 |  1.0
Dodging        | |  2.4
Stealth        | |  2.4
Summonings     | |  1.1
Translocations | |  1.1

Action                     |  1- 3 |  4- 6 || total
---------------------------+-------+-------++-------
  Melee: Dagger            |     9 |       ||     9
         Unarmed           |       |     4 ||     4
   Cast: Magic Dart        |   111 |     2 ||   113
         Mephitic Cloud    |     1 |       ||     1
         Call Imp          |       |     1 ||     1
   Stab: Confused          |     1 |       ||     1
 Armour: Robe              |    19 |       ||    19
         Skin              |       |     1 ||     1
  Dodge: Dodged            |    20 |     3 ||    23
  Block: Other             |     3 |       ||     3
         Reflection        |     2 |       ||     2

Table legend: (Time is in decaauts)
 A = Elapsed time spent in this place.
 B = Non-inter-level travel time spent in this place.
 C = Inter-level travel time spent in this place.
 D = Time resting spent in this place.
 E = Time spent auto-exploring this place.
 F = Levels seen in this place.
 G = Mean time per level.
                   A        B        C        D        E       F      G
               +--------+--------+--------+--------+--------+-----+--------+
         Total |   2211 |   2198 |     13 |      0 |   1881 |   2 | 1105.5 |
       Dungeon |   2211 |   2198 |     13 |      0 |   1881 |   2 | 1105.5 |
               +--------+--------+--------+--------+--------+-----+--------+

Top non-repeatable levels by time:
     D:1: 1146 daAuts
     D:2: 1065 daAuts
